 Dungeon Crawl Stone Soup version 0.30-a0-358-g0d69a1922f (webtiles) character file.

Game seed: 1264432647627789681

20 Sweetruy1997 the Chopper (level 2, -3/27 HPs)
             Began as a Hill Orc Monk on Nov 10, 2022.
             Slain by Terence
             ... wielding a +0 flail
              (7 damage)
             ... on level 2 of the Dungeon.
             The game lasted 00:01:38 (984 turns).

Sweetruy1997 the Chopper (Hill Orc Monk)             Turns: 984, Time: 00:01:39

Health: -3/27      AC:  2    Str: 13    XL:     2   Next: 79%
Magic:  2/2        EV: 12    Int: 10    God:
Gold:   104        SH:  0    Dex: 13    Spells: 1/1 levels left

rFire   + . .      SeeInvis .    a - +0 hand axe
rCold   + . .      Faith    .    (no shield)
rNeg    . . .      Spirit   .    b - +0 robe
rPois   .          Reflect  .    (no helmet)
rElec   .          Harm     .    g - scarf {rC+ rF+}
rCorr   .          Rampage  .    (no gloves)
Will    .....                    (no boots)
Stlth   ++........               (no amulet)
HPRegen 0.24/turn                (no ring)
MPRegen 0.08/turn                (no ring)

@: no status effects
A: no striking features
a: no special abilities


You were on level 2 of the Dungeon.
You visited 1 branch of the dungeon, and saw 2 of its levels.

You collected 104 gold pieces.

Inventory:

Hand Weapons
 a - a +0 hand axe (weapon)
Armour
 b - a +0 robe (worn)
 g - a scarf of resistance (worn)
Scrolls
 d - a scroll of teleportation {unknown}
 e - a scroll of poison {unknown}
 h - a scroll of blinking {unknown}
 i - a scroll of fear {unknown}
Potions
 c - a potion of ambrosia
 f - a potion of curing {unknown}


   Skills:
 + Level 4.0 Fighting
 + Level 4.4 Axes
 + Level 2.6 Dodging
 + Level 1.6 Stealth


You had one spell level left.
You didn't know any spells.
Your spell library contained the following spells:

 Spells                   Type           Power      Damage    Failure   Level
 Inner Flame              Hex/Fire       0%         N/A       75%         3
 Flame Wave               Conj/Fire      0%         2d4       98%         4
 Sticky Flame             Conj/Fire      0%         2d3       98%         4


Dungeon Overview and Level Annotations

Branches:
Dungeon (2/15)

Altars:

Annotations:
D:2 Terence


Message History

You hit the giant cockroach.
The giant cockroach is heavily wounded.
You hit the jackal but do no damage. x2; The jackal misses you.
The jackal bites you. The giant cockroach closely misses you.
The jackal bites you. The jackal barely misses you.
You hit the giant cockroach.
You kill the giant cockroach!
You hit the jackal. x2; The jackal misses you.
The jackal bites you.
You completely miss the jackal.
The jackal is severely wounded.
You hit the jackal. The jackal completely misses you. The jackal bites you. x2
The jackal bites you but does no damage.
You closely miss the jackal.
The jackal is severely wounded.
You hit the jackal.
You kill the jackal!
The jackal bites you.
You hit the jackal.
You kill the jackal!
No target in view!
HP restored.
Found a ring mail.
You pick up a book of Flames and begin reading...
You add the spells Inner Flame, Sticky Flame and Flame Wave to your library.
Okay, then.
h - a scroll labelled KUXIXK LOIXTY You now have 104 gold pieces (gained 11).
Okay, then.
i - a scroll labelled COMMODGHOOSA Terence the Incautious comes into view.
He is wielding a +0 flail.
Found a chain mail.
Terence shouts!
Sorry, you're not good enough to have a special ability.
An adder comes into view.
Terence hits you with a +0 flail!
The adder hisses angrily.
Terence attacks as you move away! Terence hits you with a +0 flail!
* * * LOW HITPOINT WARNING * * *
Terence attacks as you move away! Terence hits you with a +0 flail!
You die...

..# .## ..#### ### ..[.
...... . .. ..... ..#####
.##. #####..... ......#
....###.........
..###.#######......S......
### #..........#..........
#..###................
######..#..###..@@........
......#....#...#####...###
........##.....# .#.#
..............##.. ....#
.......###......... ...#
......## #######... ....
......# ... ......# ..
......# .


You could see Terence and an adder.

Vanquished Creatures
  A dart slug (D:1)
  An endoplasm (D:1)
  2 giant cockroaches
  A goblin (D:1)
  2 hobgoblins
  5 jackals
  A kobold (D:1)
  A ball python (D:1)
14 creatures vanquished.

Notes
Turn   | Place    | Note
-------+----------+-------------------------------------------
     0 | D:1      | Sweetruy1997 the Hill Orc Monk began the quest for the Orb.
     0 | D:1      | Reached XP level 1. HP: 19/19 MP: 1/1
   205 | D:1      | Reached XP level 2. HP: 14/27 MP: 2/2
   976 | D:2      | Noticed Terence
   984 | D:2      | Slain by Terence

Illustrated notes

Levels and vault maps discovered:
D:1:      kennysheep_arrival_seaside, layout_basic,
          hangedman_abyss_or_decor_lesser_grid
D:2:      layout_rooms, minmay_misc_feat_four_crosses, uniq_terence

Skill      XL: |  1  2 |
---------------+-------+-----
Fighting       | 4 |  4.0
Axes           | |  4.4
Dodging        | |  2.6
Stealth        | |  1.6

Action                   || total
-------------------------++-------
Melee: Hand axe          ||    40
       Punch             ||     1
 Stab: Sleeping          ||     2
Armor: Robe              ||     7
Dodge: Dodged            ||    36

Table legend: (Time is in decaauts)
 A = Elapsed time spent in this place.
 B = Non-inter-level travel time spent in this place.
 C = Inter-level travel time spent in this place.
 D = Time resting spent in this place.
 E = Time spent auto-exploring this place.
 F = Levels seen in this place.
 G = Mean time per level.
                   A        B        C        D        E       F      G
               +--------+--------+--------+--------+--------+-----+--------+
         Total |    990 |    951 |     39 |     60 |    783 |   2 |  495.0 |
       Dungeon |    990 |    951 |     39 |     60 |    783 |   2 |  495.0 |
               +--------+--------+--------+--------+--------+-----+--------+

Top non-repeatable levels by time:
     D:1: 890 daAuts
     D:2: 99 daAuts
